 Dungeon Crawl Stone Soup version bcrawl-1.19.2-6-g6a88ae04c9 (webtiles) character file.

Game seed: 2564349022373663134

359 Mrkan the Chopper (level 6, 0/55 HPs)
             Began as a Draconian Berserker on Jan 6, 2020.
             Was a Priest of Trog.
             Killed by divine providence
             ... invoked by an orc priest
              (16 damage)
             ... on level 3 of the Dungeon.
             The game lasted 00:03:21 (2668 turns).

Mrkan the Chopper (Draconian Berserker)             Turns: 2668, Time: 00:03:22

Health: 0/55       AC:  8    Str: 20    XL:     6   Next: 37%
Magic:  6/6        EV: 13    Int:  7    God:    Trog [***...]
Gold:   305        SH:  0    Dex: 12    Spells: 5/5 levels left

rFire    . . .     SeeInvis .   a - +0 hand axe
rCold    . . .     Gourm    .   (no shield)
rNeg     . . .     Faith    .   (armour unavailable)
rPois    .         Spirit   .   g - +2 hat
rElec    .         Reflect  .   (no cloak)
rCorr    .         Harm     .   (no gloves)
MR       .....                  (no boots)
Stlth    +.........             (no amulet)
HPRegen  0.18/turn              (no ring)
MPRegen  0.10/turn              (no ring)

@: no status effects
A: unfitting armour, cold-blooded, AC +6
a: Berserk, Trog's Hand, Renounce Religion


You were on level 3 of the Dungeon.
You worshipped Trog.
Trog was most pleased with you.
You were not hungry.

You visited 1 branch of the dungeon, and saw 3 of its levels.

You collected 305 gold pieces.

Inventory:

Hand Weapons
 a - a +0 hand axe (weapon)
Armour
 g - a +2 hat (worn)
Jewellery
 h - an uncursed ring of stealth {unknown}
Wands
 n - a wand of acid (5)
Scrolls
 e - a scroll of identify {unknown}
 f - a scroll of fear {unknown}
 k - a scroll of teleportation {unknown}
 o - 2 scrolls of remove curse {unknown}
Potions
 c - a potion of heal wounds {unknown}
 d - a potion of might
 i - 2 potions of mutation {unknown}
 j - a potion of invisibility {unknown}
 l - a potion of agility {unknown}
 m - a potion of degeneration {unknown}
Comestibles
 b - 6 rations {!d}
 p - 4 chunks of flesh


   Skills:
 + Level 4.8 Fighting
 * Level 5.5 Axes
 + Level 4.0 Dodging


You had 5 spell levels left.
You didn't know any spells.
Your spell library was empty.

Dungeon Overview and Level Annotations

Branches:
Dungeon (3/12)

Altars:
Xom


Innate Abilities, Weirdness & Mutations

Your plain brown scales are hard. (AC +6)
You cannot fit into any form of body armour.
You are cold-blooded and may be slowed by cold attacks.


Message History

Your Dodging skill increases to level 4!
You feel a bit more experienced. The orc priest barely misses you.
You hit the orc priest but do no damage.
The orc priest is severely wounded.
The orc priest hits you with a +0 short sword.
You barely miss the orc priest.
Your tail-slap misses the orc priest.
The orc priest is severely wounded.
The orc priest hits you with a +0 short sword.
* * * LOW HITPOINT WARNING * * *
You completely miss the orc priest.
The orc priest is severely wounded.
The orc priest closely misses you.
You closely miss the orc priest.
The orc priest is severely wounded.
The orc priest closely misses you.
You hit the orc priest.
The orc priest is almost dead.
The orc priest mumbles some strange prayers to Beogh against you.
Beogh smites you!
You die...

#.#..#.# #.#..#.#
#[#..#[# #####)#..#.#
#...#.#..#.# #####
#.#.#.#..#.# #....
#.#.#.#..#.# #.###
#.#.#o#.#..#.# #.#
#...@)).#..#.# #.#
###.#.#.#..#.# #.#
.....#.#..#.####.###
#.#.#.#.#..#.#.......
#.....#.#....#.##.###
#..#......####.##.#
#..##.#......#รท##.#
#.. #.#..###.#.##.#
#....# #.##.#


You could see an orc priest.

Vanquished Creatures
  Sigmund (D:2)
  A bullfrog skeleton (D:3)
  An orc wizard (D:3)
  Robin (D:2)
  3 gnolls (D:2)
  An adder (D:3)
  3 worms (D:2)
  A dart slug (D:1)
  4 leopard geckos
  3 orcs
  3 giant cockroaches
  16 hobgoblins
  8 jackals (D:3)
  2 quokkas
  4 ball pythons
  4 bats
  6 frilled lizards
  16 goblins
  11 kobolds
  3 rats (D:2)
92 creatures vanquished.

Notes
Turn   | Place    | Note
-------+----------+-------------------------------------------
     0 | D:1      | Mrkan the Draconian Berserker began the quest for the Orb.
     0 | D:1      | Reached XP level 1. HP: 19/19 MP: 1/1
   319 | D:1      | Reached XP level 2. HP: 23/26 MP: 2/2
   856 | D:2      | Reached XP level 3. HP: 22/31 MP: 3/3
   995 | D:2      | Reached ** piety under Trog
  1162 | D:2      | Noticed Sigmund
  1171 | D:2      | Killed Sigmund
  1171 | D:2      | Reached skill level 4 in Axes
  1171 | D:2      | Reached XP level 4. HP: 32/41 MP: 4/4
  1171 | D:2      | Reached XP level 5. HP: 37/47 MP: 5/5
  1523 | D:2      | Reached skill level 5 in Axes
  1585 | D:2      | Noticed Robin
  1596 | D:2      | Killed Robin
  1609 | D:2      | Reached XP level 6. HP: 19/53 MP: 6/6
  2303 | D:3      | Reached *** piety under Trog
  2387 | D:3      | Found a shimmering altar of Xom.
  2668 | D:3      | Killed from afar by an orc priest

Skill      XL: |  1  2  3  4  5  6 |
---------------+-------------------+-----
Dodging        | 3 4 |  4.0
Fighting       | 4 |  4.8
Axes           | 4 5 |  5.5

Action                   |  1- 3 |  4- 6 || total
-------------------------+-------+-------++-------
Melee: Hand axe          |    98 |   143 ||   241
       Tailslap          |     8 |    21 ||    29
Invok: Berserk           |     2 |     1 ||     3
  Eat: Chunk             |     2 |     6 ||     8
Armor: Skin              |    35 |    45 ||    80
Dodge: Dodged            |    64 |   119 ||   183
